 Dungeon Crawl Stone Soup version 0.31-a0-625-gc9c7e45f3f (webtiles) character file.

Game seed: 15729654947172290157

154 AdnanSaban the Covered (level 5, -2/33 HPs)
             Began as a Gargoyle Fighter on Aug 24, 2023.
             Was an Initiate of Okawaru.
             Slain by a gnoll
             ... wielding a +0 halberd
              (11 damage)
             ... on level 4 of the Dungeon.
             The game lasted 00:02:25 (2521 turns).

AdnanSaban the Covered (Gargoyle Fighter)           Turns: 2521, Time: 00:02:25

Health: -2/33      AC: 13    Str: 22    XL:     5   Next: 36%
Magic:  5/5        EV:  8    Int:  8    God:    Okawaru [......]
Gold:   152        SH:  4    Dex:  9    Spells: 4/4 levels left

rFire   . . .        a - +0 flail
rCold   + . .        c - +0 buckler
rNeg    + . .        t - +0 chain mail
rPois   ∞            (no helmet)
rElec   +            (no cloak)
rCorr   .            (no gloves)
SInv    .            (no boots)
Will    .....        (no amulet) Stlth
                     q - ring of protection from cold
HPRegen 0.25/turn    (no ring)
MPRegen 0.09/turn

%: no passive effects
@: no status effects
A: sickness immunity, AC +4, negative energy resistance 1, electricity
resistance, torment resistance 1, petrification resistance
a: Renounce Religion


You were on level 4 of the Dungeon.
You worshipped Okawaru.
Okawaru was noncommittal.
You visited 1 branch of the dungeon, and saw 4 of its levels.

You collected 152 gold pieces.

Inventory:

Hand Weapons
 a - a +0 flail (weapon)
Armour
 c - a +0 buckler (worn)
 t - a +0 chain mail (worn)
Jewellery
 q - a ring of protection from cold (left hand)
Scrolls
 e - a scroll of revelation {unknown}
 f - a scroll of silence {unknown}
 g - a scroll of enchant weapon {unknown}
 h - a scroll of vulnerability {unknown}
 i - a scroll of amnesia {unknown}
 k - a scroll of brand weapon {unknown}
 l - 5 scrolls of identify {unknown}
 o - 2 scrolls of blinking {unknown}
 p - a scroll of butterflies {unknown}
 s - a scroll of fear {unknown}
Potions
 b - 2 potions of cancellation {unknown}
 d - a potion of might
 j - a potion of mutation {unknown}
 m - a potion of ambrosia {unknown}
 n - 2 potions of enlightenment {unknown}
 r - 2 potions of haste {unknown}


   Skills:
 + Level 4.0 Fighting
 + Level 3.4 Maces & Flails
 + Level 4.6 Armour
 + Level 0.1 Dodging
 + Level 0.6 Stealth
 + Level 3.6 Shields


You had 4 spell levels left.
You didn't know any spells.
Your spell library contained the following spells:

 Spells                   Type           Power      Damage    Failure   Level
 Blink                    Tloc           0%         N/A       99%         2
 Lesser Beckoning         Tloc           0%         N/A       99%         2
 Momentum Strike          Conj/Tloc      0%         3d8       99%         2
 Frozen Ramparts          Ice            0%         1d1       100%        3
 Gell's Gravitas          Tloc           0%         N/A       100%        3
 Stone Arrow              Conj/Erth      0%         3d7       100%        3
 Teleport Other           Tloc           0%         N/A       100%        3
 Petrify                  Tmut/Erth      0%         N/A       100%        4
 Metabolic Englaciation   Hex/Ice        0%         N/A       100%        5
 Dispersal                Tloc           0%         N/A       100%        6
 Lehudib's Crystal Spear  Conj/Erth      0%         10d2      100%        8
 Animate Armour           Summ/Erth      Unusable   N/A       N/A         4
 Animate Dead             Necr           Unusable   N/A       N/A         4
 Haunt                    Necr/Summ      Unusable   N/A       N/A         7
 Infestation              Necr           Unusable   N/A       N/A         8

Dungeon Overview and Level Annotations

Branches:
Dungeon (4/15)
 Temple: D:4-7

Altars:
Cheibriados
Dithmenos
Gozag
Kikubaaqudgha
Okawaru
Trog


Innate Abilities, Weirdness & Mutations

You are immune to sickness and miasma.
Your stone body is resilient. (AC +4)
You are immune to poison.
You resist negative energy. (rN+)
You are resistant to electric shocks. (rElec)
You are resistant to unholy torment.
You are immune to petrification.


Message History

The gnoll is severely wounded.
You block the gnoll's attack. The gnoll barely misses you.
You closely miss the gnoll.
The gnoll is severely wounded.
The gnoll hits you with a +0 halberd.
You thump the gnoll!
You kill the gnoll!
Okawaru accepts your kill.
You sock the quokka!
You kill the quokka!
Okawaru accepts your kill.
Things that are here:
a +0 halberd; a quokka corpse; a gnoll corpse A gnoll comes into view.
It is wielding a +0 halberd.
Found 11 gold pieces.
The gnoll shouts!
A hound comes into view.
The hound barks!
The gnoll hits you with a +0 halberd!
You hit the gnoll.
The gnoll is moderately wounded.
The gnoll closely misses you.
A gnoll comes into view. It is wielding a +0 halberd.
The gnoll closely misses you.
You thump the gnoll!
The gnoll is almost dead.
The gnoll hits you with a +0 halberd.
You hit the gnoll but do no damage.
The gnoll is almost dead.
The hound closely misses you. The gnoll hits you but does no damage.
The hound bites you.
* * * LOW HITPOINT WARNING * * *
You thump the gnoll!
You kill the gnoll!
Okawaru accepts your kill. You block the hound's attack.
The hound closely misses you.
You barely miss the hound.
The hound bites you but does no damage. x2
You closely miss the hound. The hound barely misses you.
The gnoll hits you from afar with a +0 halberd!
You die...

#..~P
####..~
#.....~
#.$...
#.....
#...g#
#..h)# #
#...@# ..
####.# .##
#.####....
#.......#
##...#.##
#.#...#
#)#.#....
#.# # #..
#.# #.#.#


You could see a hound and a gnoll.

Vanquished Creatures
  An orc wizard (D:3)
  3 adders
  2 gnolls (D:4)
  A worm (D:4)
  A dart slug (D:1)
  6 orcs (D:3)
  5 ball pythons
  5 endoplasms
  6 giant cockroaches
  2 goblins
  6 hobgoblins
  4 jackals
  5 quokkas
  5 bats
  4 frilled lizards
  5 kobolds
  9 rats
70 creatures vanquished.

Notes
Turn   | Place    | Note
-------+----------+-------------------------------------------
     0 | D:1      | AdnanSaban the Gargoyle Fighter began the quest for the
                  | Orb.
     0 | D:1      | Reached XP level 1. HP: 14/14 MP: 1/1
   125 | D:1      | Reached XP level 2. HP: 19/19 MP: 2/2
   279 | D:1      | You fall into a shaft and drop 1 floor!
   293 | D:2      | Reached XP level 3. HP: 21/23 MP: 3/3
  1674 | D:3      | Reached XP level 4. HP: 26/29 MP: 4/4
  2175 | D:3      | Reached XP level 5. HP: 28/33 MP: 5/5
  2228 | D:3      | Found a snail-covered altar of Cheibriados.
  2228 | D:3      | Found an opulent altar of Gozag.
  2229 | D:3      | Found a bloodstained altar of Trog.
  2229 | D:3      | Found a shadowy altar of Dithmenos.
  2230 | D:3      | Found an ancient bone altar of Kikubaaqudgha.
  2231 | D:3      | Found an iron altar of Okawaru.
  2262 | D:3      | Became a worshipper of Warmaster Okawaru
  2521 | D:4      | Slain by a gnoll

Illustrated notes

Levels and vault maps discovered:
D:1:      zaba_arrival_water, layout_basic, minmay_pentomino_o4
D:2:      layout_basic
D:3:      layout_loops_ring, grunt_temple_overflow_open, minmay_quadrilaterals
D:4:      layout_basic, cheibrodos_sewer_entry_bend, dreamdust_gnoll_farm,
          uniq_edmund

Skill      XL: |  1  2  3  4 |
---------------+-------------+-----
Armour         | 4 |  4.6
Maces & Flails | 3 |  3.4
Fighting       | 4 |  4.0
Dodging        | |  0.1
Stealth        | |  0.6
Shields        | |  3.6

Action                     |  1- 3 |  4- 6 || total
---------------------------+-------+-------++-------
  Melee: Flail             |   137 |   110 ||   247
 Armour: Scale mail        |    81 |    16 ||    97
         Chain mail        |       |    71 ||    71
  Dodge: Dodged            |    72 |    58 ||   130
  Block: Buckler           |    23 |    31 ||    54

Table legend: (Time is in decaauts)
 A = Elapsed time spent in this place.
 B = Non-inter-level travel time spent in this place.
 C = Inter-level travel time spent in this place.
 D = Time resting spent in this place.
 E = Time spent auto-exploring this place.
 F = Levels seen in this place.
 G = Mean time per level.
                   A        B        C        D        E       F      G
               +--------+--------+--------+--------+--------+-----+--------+
         Total |   2599 |   2493 |    106 |      0 |   1876 |   4 |  649.8 |
       Dungeon |   2599 |   2493 |    106 |      0 |   1876 |   4 |  649.8 |
               +--------+--------+--------+--------+--------+-----+--------+

Top non-repeatable levels by time:
     D:2: 1051 daAuts
     D:3: 804 daAuts
     D:1: 656 daAuts
     D:4: 87 daAuts
